Selects Airborne Battlegroup
Selects Airborne Battlegroup
Selects Heavy Machine Gun Paradrop
Heavy Machine Gun Paradrop
Heavy Machine Gun Paradrop
Construct Medical Station
Heavy Machine Gun Paradrop
Selects Smoke Bombing Run
Construct Weapon Support Center
Selects Paratrooper Squad Paradrop
Paratrooper Squad Paradrop
Paratrooper Squad Paradrop
Paratrooper Squad Paradrop
Selects Carpet Bombing Run
Paratrooper Squad Paradrop
Paratrooper Squad Paradrop